 Dungeon Crawl Stone Soup version 0.18.1-50-g88ac8fd (webtiles) character file.

57 Monkfish the Sneak (level 4, -1/28 HPs)
             Began as a Kobold Assassin on Oct 20, 2016.
             Slain by Crazy Yiuf
             ... wielding a +3 quarterstaff of chaos
              (9 damage)
             ... on level 2 of the Dungeon on Oct 21, 2016.
             The game lasted 00:05:36 (1027 turns).

Monkfish the Sneak (Kobold Assassin)                Turns: 1027, Time: 00:05:38

Health: -1/28      AC:  4    Str: 10    XL:     4   Next: 18%
Magic:  4/4        EV: 14    Int:  9    God:
Gold:   99         SH:  3    Dex: 17    Spells: 0 memorised, 3 levels left

rFire  . . .     SeeInvis .     l - +4 short sword (speed)
rCold  . . .     Gourm    .     c - +0 robe
rNeg   . . .     Faith    .     (shield restricted)
rPois  .         Spirit   .     (no helmet)
rElec  .         Dismiss  .     d - +1 cloak
rCorr  .         Reflect  +     (no gloves)
SustAt .         Harm     .     (no boots)
MR     .....                    o - +3 amulet of reflection
Stlth  +++.......               (no ring)
                                (no ring)

@: drained, not resistant to hostile enchantments, fairly stealthy
A: carnivore 3
a: no special abilities


You were on level 2 of the Dungeon.
You were not hungry.

You visited 1 branch of the dungeon, and saw 2 of its levels.

You collected 99 gold pieces.

Inventory:

Hand Weapons
 b - a +0 blowgun
 l - a +4 short sword of speed (weapon)
Missiles
 e - 5 poisoned needles
Armour
 c - a +0 robe (worn)
 d - a +1 cloak (worn)
Jewellery
 n - an uncursed amulet of guardian spirit
 o - a +3 amulet of reflection (around neck)
Wands
 j - a wand of flame (19/48)
Scrolls
 q - 2 scrolls of immolation
Potions
 h - a potion of flight {unknown}
 i - a potion of might {unknown}
 k - a potion of heal wounds {unknown}
 m - 2 potions of haste {unknown}
 p - a potion of curing {unknown}
Comestibles
 g - a meat ration


   Skills:
 + Level 3.1(2.7) Fighting
 + Level 4.4(4.0) Short Blades
 - Level 2.1(1.8) Throwing
 - Level 1.2(0.8) Dodging
 * Level 5.6(5.2) Stealth


You had 3 spell levels left.
You didn't know any spells.

Dungeon Overview and Level Annotations

Branches:
Dungeon (2/15)

Altars:

Annotations:
D:2 Crazy Yiuf, Natasha


Innate Abilities, Weirdness & Mutations

You are small and have problems with some larger weapons.
You are carnivorous and can eat meat at any time.


Message History

Crazy Yiuf is lightly wounded.
Wield which item (- for none, * to show all)? (? for menu, Esc to quit)
Your hands tingle!
l - a +4 short sword of speed (weapon)
You aren't carrying or standing over any spellbooks.
Unknown command.
You hit Crazy Yiuf.
Crazy Yiuf is moderately wounded.
Crazy Yiuf hits you with a quarterstaff of chaos!
Ouch! That really hurt!
You feel drained.
* * * LOW HITPOINT WARNING * * *
Read which item? (? for menu, Esc to quit)
As you read the scroll labeled XUQOMP GIUHOA, it crumbles to dust.
It is a scroll of enchant armour.
Enchant which item? (? for menu, Esc to quit)
Your +0 cloak glows green for a moment.
Crazy Yiuf screams, "Whippet ena high!"
Crazy Yiuf hits you with a quarterstaff of chaos!
You die...

#.>#..).######..
####........##..
#....###.##..
###.##<#.##..
#...##.#(##.. ###
♣##......#.††.. #(..#
♣♣♣....[##[#(###.
#(..(.♣♣♣♣.......########.
♣..♣@................
♣♣♣g♣.......#########
♣♣♣♣♣##...# #...# #...#
#.....# #.....# #.....#
#######


You could see Crazy Yiuf.

Vanquished Creatures
  An adder (D:2)
  2 worms (D:2)
  2 dart slugs
  4 giant geckos
  A giant cockroach (D:1)
  5 goblins
  2 hobgoblins (D:2)
  6 kobolds
  2 quokkas (D:2)
  2 bats
  2 giant newts (D:2)
  4 rats
33 creatures vanquished.

Notes
Turn   | Place    | Note
--------------------------------------------------------------
     0 | D:1      | Monkfish the Kobold Assassin began the quest for the Orb.
     0 | D:1      | Reached XP level 1. HP: 12/12 MP: 1/1
   300 | D:1      | Reached XP level 2. HP: 18/18 MP: 0/2
   551 | D:2      | Noticed Natasha
   605 | D:2      | Reached XP level 3. HP: 22/22 MP: 3/3
   927 | D:2      | Reached XP level 4. HP: 23/28 MP: 4/4
  1016 | D:2      | Noticed Crazy Yiuf
  1027 | D:2      | Slain by Crazy Yiuf

Skill      XL: |  1  2  3 |
---------------+----------+-----
Short Blades   | 3 4 |  4.4
Fighting       | 3 |  3.1
Throwing       | |  2.1
Dodging        | |  1.2
Stealth        | |  5.6

Action                   |  1- 3 |  4- 6 || total
-------------------------+-------+-------++-------
Melee: Dagger            |    13 |       ||    13
       Short sword       |    52 |    13 ||    65
 Fire: Blowgun           |       |     7 ||     7
  Use: Scroll            |     5 |     1 ||     6
 Stab: Sleeping          |     7 |     1 ||     8
Armor: Robe              |     6 |     2 ||     8
Dodge: Dodged            |    32 |     6 ||    38
Block: Other             |     4 |     1 ||     5
